 Dungeon Crawl Stone Soup version 0.27-a0-1105-g946c659c87 (webtiles) character file.

Game seed: 5195541813465518172

114 dickylongcocking the Magician (level 4, -6/32 HPs)
             Began as a Djinni Fire Elementalist on Apr 30, 2021.
             Mangled by an ice beast (14 damage)
             ... on level 3 of the Dungeon.
             The game lasted 00:02:17 (3541 turns).

dickylongcocking the Magician (DjFE)                Turns: 3541, Time: 00:02:18

Health: -6/32      AC:  4    Str:  7    XL:     4   Next: 97%
Gold:   54         EV: 12    Int: 18    God:
                   SH:  0    Dex: 13

rFire    + + .     SeeInvis .   k - +0 quarterstaff
rCold    . . .     Faith    .   (shield currently unavailable)
rNeg     . . .     Spirit   .   a - +0 robe
rPois    ∞         Reflect  .   h - +1 helmet
rElec    .         Harm     .   (no cloak)
rCorr    .         Rampage  .   (no gloves)
Will     .....                  (boots unavailable)
Stlth    ++........             (no amulet)
HPRegen  0.10/turn              i - ring of protection from cold
MPRegen  0.00/turn              (no ring)

@: flying
A: fire resistance 2, cold vulnerability 1, float, innate caster, hp casting,
extra vitality 1
a: no special abilities


You were on level 3 of the Dungeon.
You visited 1 branch of the dungeon, and saw 3 of its levels.

You collected 54 gold pieces.

Inventory:

Hand Weapons
 f - a +0 dagger
 k - a +0 quarterstaff (weapon)
Armour
 a - a +0 robe (worn)
 h - a +1 helmet (worn)
Jewellery
 i - a ring of protection from cold (left hand)
Scrolls
 c - 2 scrolls of immolation {unknown}
 d - 2 scrolls of identify {unknown}
 g - a scroll of noise {unknown}
 j - a scroll of enchant armour {unknown}
Potions
 b - a potion of flight {unknown}


   Skills:
 + Level 1.2 Fighting
 + Level 0.6 Short Blades
 + Level 2.5 Dodging
 + Level 2.4 Stealth
 + Level 0.7 Unarmed Combat
 + Level 3.7 Spellcasting


You couldn't memorise any spells.
You knew the following spells:

 Your Spells              Type           Power      Damage    Failure   Level
a - Foxfire               Conj/Fire      64%        2x1d7     3%          1
b - Conjure Flame         Conj/Fire      16%        6-21      10%         3
c - Inner Flame           Hex/Fire       16%        N/A       10%         3
d - Sticky Flame          Conj/Fire      16%        2d4       32%         4
e - Fireball              Conj/Fire      8%         3d6       65%         5
f - Animate Skeleton      Necr           32%        N/A       3%          1
Your spell library was empty.

Dungeon Overview and Level Annotations

Branches:
Dungeon (3/15)

Altars:
The Shining One

Shops:
D:2 *


Innate Abilities, Weirdness & Mutations

You are immune to poison.
Your flesh is very heat resistant. (rF++)
You are vulnerable to cold. (rC-)
You float through the air rather than walking.
You learn spells naturally, not from books.
Your magical power is your life essence.
You have superior vitality. (+4 HP)


Message History

The ice beast is heavily wounded.
The ice beast hits you. The ice beast freezes you!
Unknown command.
Casting: Foxfire (safe; 3% risk of failure)
Confirm with . or Enter, or press ? or * to list all spells.
You conjure some foxfire!
The foxfire hits the ice beast.
The ice beast melts!
The ice beast is severely wounded.
The foxfire hits the ice beast but does no damage.
The ice beast is severely wounded.
The ice beast hits you. The ice beast freezes you!
* * * LOW HITPOINT WARNING * * *
Unknown command.
Unknown command.
Your foxfire dissipates!
The foxfire hits the ice beast.
The ice beast melts!
The ice beast is severely wounded.
The ice beast hits you but does no damage.
There is a dry fountain here.
Unknown command.
It was a potion of curing.
You feel better. The ice beast closely misses you.
Casting: Foxfire (safe; 3% risk of failure)
Confirm with . or Enter, or press ? or * to list all spells.
You conjure some foxfire!
The ice beast hits you but does no damage.
Unknown command.
Unknown command.
Your foxfire dissipates!
The foxfire hits the ice beast.
The ice beast melts!
The ice beast is almost dead.
There is a fountain of clear blue water here.
Unknown command.
Unknown command.
Casting: Foxfire (safe; 3% risk of failure)
Confirm with . or Enter, or press ? or * to list all spells.
You conjure some foxfire!
* * * LOW HITPOINT WARNING * * *
The ice beast hits you.
* * * LOW HITPOINT WARNING * * *
The ice beast freezes you!
You die...

### ##@###
##vYv.# ##..⌠#.#
##...##.# ##
#⌠..##..#### ..
#$<.#......# .#
#⌠..##.....###..#
##...##...†.)..#
##..⌠#....#####


You could see an ice beast (ally target).

Vanquished Creatures
  Jessica (D:2)
  3 adders (D:2)
  A worm (D:2)
  A dart slug (D:2)
  3 endoplasms (D:1)
  2 giant cockroaches
  4 goblins
  2 hobgoblins
  6 jackals
  5 kobolds
  8 quokkas
  2 ball pythons (D:1)
  5 bats
  7 frilled lizards
  3 rats
53 creatures vanquished.

Vanquished Creatures (others)
  114 foxfires
114 creatures vanquished.

Grand Total: 167 creatures vanquished

Notes
Turn   | Place    | Note
-------+----------+-------------------------------------------
     0 | D:1      | dickylongcocking the Djinni Fire Elementalist began the
                  | quest for the Orb.
     0 | D:1      | Reached XP level 1. HP: 15/15 MP: 0/0
   119 | D:1      | Found a faded altar of an unknown god.
   306 | D:1      | Reached skill level 3 in Spellcasting
   306 | D:1      | Reached XP level 2. HP: 8/21 MP: 0/0
  1297 | D:1      | Reached XP level 3. HP: 14/25 MP: 0/0
  1297 | D:1      | Learned a level 1 spell: Animate Skeleton
  2297 | D:2      | Found a glowing golden altar of the Shining One.
  2398 | D:2      | Reached XP level 4. HP: 28/31 MP: 0/0
  2459 | D:2      | Found Ticwikowk's General Store.
  2591 | D:2      | Reached skill level 1 in Fighting
  2853 | D:2      | Noticed Jessica
  2861 | D:2      | Killed Jessica
  3526 | D:3      | Noticed an ice beast
  3541 | D:3      | Mangled by an ice beast

Illustrated notes

Levels and vault maps discovered:
D:1:      erik_arrival_blinker_ship, layout_basic,
          ebering_ecumenical_altar_webs, grunt_decor_one_mirror, st_stairs_9
D:2:      layout_basic, basic_altar, serial_shops, nicolae_shop_window_shopping,
          minmay_misc_feat_columns, uniq_jessica
D:3:      layout_rooms, grunt_ministairs_8, hex_intersection,
          kennysheep_orc_chapel

Skill      XL: |  1  2  3  4 |
---------------+-------------+-----
Spellcasting   | 3 |  3.7
Stealth        | 2 |  2.4
Fighting       | 1 |  1.2
Short Blades   | |  0.6
Dodging        | |  2.5
Unarmed Combat | |  0.7

Action                   |  1- 3 |  4- 6 || total
-------------------------+-------+-------++-------
Melee: Unarmed           |    17 |       ||    17
       Dagger            |    58 |    22 ||    80
       Quarterstaff      |       |     2 ||     2
 Cast: Foxfire           |    54 |    21 ||    75
  Use: Potion            |       |     1 ||     1
 Stab: Distracted        |     2 |       ||     2
       Sleeping          |     3 |     1 ||     4
Armor: Robe              |    20 |     6 ||    26
Dodge: Dodged            |    68 |    19 ||    87

Table legend: (Time is in decaauts)
 A = Elapsed time spent in this place.
 B = Non-inter-level travel time spent in this place.
 C = Inter-level travel time spent in this place.
 D = Time resting spent in this place.
 E = Time spent auto-exploring this place.
 F = Levels seen in this place.
 G = Mean time per level.
                   A        B        C        D        E       F      G
               +--------+--------+--------+--------+--------+-----+--------+
         Total |   3539 |   3513 |     26 |    441 |   2640 |   3 | 1179.7 |
       Dungeon |   3539 |   3513 |     26 |    441 |   2640 |   3 | 1179.7 |
               +--------+--------+--------+--------+--------+-----+--------+

Top non-repeatable levels by time:
     D:1: 1929 daAuts
     D:2: 1419 daAuts
     D:3: 190 daAuts
